 Dungeon Crawl Stone Soup version 0.22.0-75-g3901e79 (console) character file.

5819 erker the Cleaver (level 10, -2/88 HPs)
             Began as a Minotaur Fighter on Sept 12, 2018.
             Was a Priest of Makhleb.
             Slain by a bone dragon (4 damage)
             ... on level 1 of the Abyss.
             The game lasted 00:30:29 (6171 turns).

erker the Cleaver (Minotaur Fighter)                Turns: 6171, Time: 00:30:31

Health: -2/88      AC: 11    Str: 24    XL:     10   Next: 51%
Magic:  0/13       EV:  8    Int:  5    God:    Makhleb [***...]
Gold:   427        SH: 12    Dex: 10    Spells: 9/9 levels left

rFire    . . .     SeeInvis +   x - +0 war axe (curse)
rCold    . . .     Gourm    .   c - +1 shield
rNeg     . . .     Faith    +   N - +1 chain mail of Spring {MR+}
rPois    .         Spirit   +   G - +0 hat
rElec    .         Reflect  .   p - scarf {Spirit}
rCorr    +         Harm     .   (no gloves)
MR       +....                  (no boots)
Stlth    ..........             H - amulet of faith
HPRegen  0.24/turn              k - ring of resist corrosion
MPRegen  0.13/turn              v - ring of see invisible

@: about to teleport
A: retaliatory headbutt, horns 2
a: Minor Destruction, Lesser Servant of Makhleb, Renounce Religion


You were on level 1 of the Abyss.
You worshipped Makhleb.
Makhleb was most pleased with you.
You were hungry.

You visited 2 branches of the dungeon, and saw 10 of its levels.
You visited the Abyss 1 time.

You collected 427 gold pieces.

Inventory:

Hand Weapons
 a - a +0 war axe
 b - a +0 blowgun
 x - a cursed +0 war axe (weapon)
 D - the +3 dagger of Joyful Slaughter {pierce, rC+ Str+3, unknown}
   (You found it on level 6 of the Dungeon)

   It inflicts extra damage upon your enemies.
   It affects your strength (+3).
   It protects you from cold.
 K - a +0 war axe of chopping
Missiles
 l - 27 poisoned needles
 y - 4 throwing nets
 A - 3 tomahawks (quivered)
Armour
 c - a +1 shield (worn)
 h - a +0 scale mail of cold resistance
 p - a scarf of spirit shield (worn)
 u - a +2 buckler
 G - a +0 hat (worn)
 N - the +1 chain mail of Spring (worn) {MR+}
   (You found it on level 9 of the Dungeon)

   It affects your resistance to hostile enchantments.
Jewellery
 k - a ring of resist corrosion (left hand)
 v - a ring of see invisible (right hand)
 E - an uncursed ring of flight
 H - an amulet of faith (around neck)
Wands
 o - a wand of paralysis (15)
 L - a wand of acid (6)
 V - a wand of flame (32)
Scrolls
 g - 2 scrolls of fear
 m - 2 scrolls of teleportation
 n - 3 scrolls of remove curse
 t - 3 scrolls of blinking
 w - a scroll of immolation {unknown}
 z - 3 scrolls of amnesia {unknown}
 C - 2 scrolls of acquirement {unknown}
Potions
 d - a potion of might
 i - 4 potions of haste
 j - 4 potions of flight
 q - a potion of invisibility
 B - 2 potions of curing
 F - a potion of mutation
 I - a potion of agility
 M - a potion of degeneration
 O - a potion of cancellation
Comestibles
 f - 12 rations
 J - 2 chunks of flesh


   Skills:
 + Level 7.7 Fighting
 + Level 11.1 Axes
 + Level 0.4 Throwing
 + Level 7.9 Armour
 + Level 3.5 Dodging
 + Level 8.6 Shields
 * Level 6.4 Invocations
 - Level 1.3 Evocations


You had 9 spell levels left.
You didn't know any spells.
Your spell library contained the following spells:

 Spells                   Type           Power        Failure   Level  Hunger
 Corona                   Hex            #......      100%        1    ##.....
 Ensorcelled Hibernation  Hex/Ice        #.....       100%        2    ###....
 Confuse                  Hex            #.......     100%        3    ####...
 Dazzling Spray           Conj/Hex       #.....       100%        3    ####...
 Tukima's Dance           Hex            #.......     100%        3    ####...


Dungeon Overview and Level Annotations

Branches:
Dungeon (9/15)             Temple (1/1) D:4
   Lair: D:8-11         Orc: D:9-12

Altars:
Ashenzari
Cheibriados
Dithmenos
Elyvilon
Fedhas
Gozag
Hepliaklqana
Kikubaaqudgha
Makhleb
Nemelex Xobeh
Okawaru
Qazlal
Ru
Sif Muna
Trog
Uskayaw
Vehumet
Wu Jian
Xom
Yredelemnul
Zin
The Shining One
Lugonu


Innate Abilities, Weirdness & Mutations

You reflexively headbutt those who attack you in melee.
You have a pair of horns on your head.


Message History

Unknown command.
Unknown command.
Unknown command.
Unknown command.
Press: ? - help, v - describe, . - travel
Here: a rakshasa, wielding a trident and wearing a robe The floor.
Unknown command.
Unknown command.
Unknown command.
Unknown command.
Unknown command.
Okay, then.
Unknown command.
Unknown command.
As you read the scroll of fear, it crumbles to dust.
You assume a fearsome visage.
The rakshasa is unaffected.
The bone dragon is unaffected.
You block the bone dragon's attack. The bone dragon claws you.
You die...

.# #. ..#.. .
## # #... ...
..#.###
###... #.#..
. ..#
##.##### .##
#..##.###. #
..##..### #
....###..RD##
.# #..
.#####@#
####. #ยง# #
#.# .D ### #.
..


You could see a bone dragon and a rakshasa.

Vanquished Creatures
  Harold (D:7)
  Pikel (D:9)
  Joseph (D:8)
  A troll (D:9)
  Grinder (D:4)
  Prince Ribbit (D:7)
  2 hippogriffs
  Sigmund (D:3)
  A hungry ghost (D:7)
  Menkaure (D:6)
  Duvessa (D:5)
  4 sky beasts
  2 ice beasts
  A slave (D:9)
  A black bear (D:8)
  A phantom (D:8)
  4 ogres
  2 orc warriors
  A hornet zombie (D:7)
  A centaur (D:5)
  A big kobold (D:7)
  3 bullfrogs
  2 scorpions
  Dowan (D:5)
  3 howler monkeys (D:8)
  A crimson imp (D:9)
  3 hounds
  Crazy Yiuf (D:5)
  A centaur skeleton (D:7)
  2 orc priests (D:6)
  An iguana (D:4)
  Ijyb (D:3)
  Terence (D:2)
  5 orc wizards
  A statue (D:6)
  3 worker ants
  Robin (D:3)
  A gnoll (D:7)
  7 river rats (D:7)
  6 adders
  A white imp (Abyss:1)
  2 oozes
  An adder skeleton (D:4)
  2 worms
  A dart slug (D:1)
  5 leopard geckos
  23 orcs
  2 bats (D:2)
  5 giant cockroaches
  8 hobgoblins
  13 jackals
  6 kobolds
  10 quokkas
  2 ball pythons
  5 frilled lizards
  16 goblins
  A quokka zombie (D:9)
  24 rats
201 creatures vanquished.

Vanquished Creatures (others)
  A slave (D:9)
1 creature vanquished.

Grand Total: 202 creatures vanquished

Notes
Turn   | Place    | Note
-------+----------+-------------------------------------------
     0 | D:1      | erker the Minotaur Fighter began the quest for the Orb.
     0 | D:1      | Reached XP level 1. HP: 19/19 MP: 0/0
    10 | D:1      | Found a snail-covered altar of Cheibriados.
    90 | D:1      | Reached XP level 2. HP: 22/27 MP: 1/1
   566 | D:2      | Reached XP level 3. HP: 26/33 MP: 2/2
   645 | D:2      | Noticed Terence
   670 | D:2      | Killed Terence
   670 | D:2      | Reached skill level 3 in Axes
   720 | D:2      | Reached XP level 4. HP: 31/40 MP: 3/3
   804 | D:2      | Found a hazy altar of Hepliaklqana.
  1079 | D:3      | Noticed Robin
  1093 | D:3      | Killed Robin
  1093 | D:3      | Reached skill level 1 in Dodging
  1143 | D:3      | Noticed Ijyb
  1153 | D:3      | Killed Ijyb
  1153 | D:3      | Reached skill level 4 in Axes
  1153 | D:3      | Reached XP level 5. HP: 43/46 MP: 2/4
  1204 | D:3      | Found a glowing golden altar of the Shining One.
  1215 | D:3      | Found an ancient bone altar of Kikubaaqudgha.
  1470 | D:3      | Found a blossoming altar of Fedhas.
  1471 | D:3      | Found a glowing silver altar of Zin.
  1571 | D:3      | Noticed Sigmund
  1583 | D:3      | Killed Sigmund
  1583 | D:3      | Reached skill level 5 in Axes
  1583 | D:3      | Reached skill level 5 in Shields
  1583 | D:3      | Reached skill level 1 in Evocations
  1583 | D:3      | Reached XP level 6. HP: 43/53 MP: 5/5
  1717 | D:4      | Found a staircase to the Ecumenical Temple.
  1721 | D:4      | Noticed Grinder
  1721 | D:4      | Paralysed by Grinder for 4 turns
  1729 | Temple   | Entered the Ecumenical Temple
  1764 | Temple   | Became a worshipper of Makhleb the Destroyer
  1781 | D:4      | Paralysed by Grinder for 3 turns
  1862 | D:4      | Found an iron altar of Okawaru.
  1944 | D:4      | Paralysed by Grinder for 2 turns
  1955 | D:4      | Killed Grinder
  1955 | D:4      | Reached skill level 6 in Axes
  1955 | D:4      | Reached skill level 5 in Armour
  1955 | D:4      | Reached skill level 1 in Invocations
  1955 | D:4      | Reached XP level 7. HP: 24/60 MP: 1/7
  2211 | D:5      | Entered Level 5 of the Dungeon
  2351 | D:5      | Found a sacrificial altar of Ru.
  2436 | D:5      | Reached skill level 5 in Fighting
  2616 | D:5      | Noticed Dowan
  2619 | D:5      | Noticed Duvessa
  2626 | D:5      | Killed Dowan
  2626 | D:5      | Reached skill level 7 in Axes
  2626 | D:5      | Reached XP level 8. HP: 68/68 MP: 6/8
  2628 | D:5      | Killed Duvessa
  2859 | D:5      | Found a runed door.
  2863 | D:5      | Noticed Crazy Yiuf
  3043 | D:5      | Killed Crazy Yiuf
  3183 | D:5      | Found an ornate altar of the Wu Jian Council.
  3579 | D:6      | Reached skill level 8 in Axes
  3635 | D:6      | Noticed Menkaure
  3641 | D:6      | Killed Menkaure
  3641 | D:6      | Reached * piety under Makhleb
  3650 | D:6      | Got a steaming dagger
  4075 | D:6      | Found a radiant altar of Vehumet.
  4081 | D:6      | Reached XP level 9. HP: 64/74 MP: 9/11
  4199 | D:7      | Noticed Harold
  4216 | D:7      | Killed Harold
  4216 | D:7      | Reached skill level 9 in Axes
  4460 | D:7      | Reached skill level 5 in Invocations
  4702 | D:7      | Reached ** piety under Makhleb
  4743 | D:7      | Noticed Prince Ribbit
  4747 | D:7      | Killed Prince Ribbit
  4747 | D:7      | Reached skill level 10 in Axes
  4829 | D:7      | Reached XP level 10. HP: 84/84 MP: 13/13
  4843 | D:7      | Reached *** piety under Makhleb
  4917 | D:7      | Found a sparkling altar of Nemelex Xobeh.
  5041 | D:7      | Found a basalt altar of Yredelemnul.
  5220 | D:8      | Found a hide-covered altar of Uskayaw.
  5460 | D:8      | Noticed Joseph
  5473 | D:8      | Killed Joseph
  5933 | D:9      | Noticed Pikel
  5943 | D:9      | Killed Pikel
  5973 | D:9      | Reached skill level 11 in Axes
  6031 | D:9      | Got a faintly glowing chain mail
  6047 | D:9      | Cast into level 1 of the Abyss (orc)
  6069 | Abyss:1  | Identified the +1 chain mail of Spring {MR+} (You found it
                  | on level 9 of the Dungeon)
  6147 | Abyss:1  | Noticed a bone dragon
  6147 | Abyss:1  | Noticed a rakshasa
  6156 | Abyss:1  | Noticed a bone dragon
  6170 | Abyss:1  | HP: 3/88 [bone dragon (4)]
  6171 | Abyss:1  | Slain by a bone dragon

Skill      XL: |  1  2  3  4  5  6  7  8  9 10 |
---------------+-------------------------------+-----
Shields        | 4 5 6 7 8 |  8.6
Armour         | 4 5 6 7 |  7.9
Fighting       | 4 5 6 7 |  7.7
Axes           | 3 4 5 6 7 8 10 11 | 11.1
Dodging        | 1 2 3 |  3.5
Evocations     | 1 |  1.3
Invocations    | 1 2 4 5 6 |  6.4
Throwing       | |  0.4

Action                   |  1- 3 |  4- 6 |  7- 9 | 10-12 || total
-------------------------+-------+-------+-------+-------++-------
Melee: War axe           |    48 |   126 |   239 |   107 ||   520
       Hand axe          |    50 |       |       |       ||    50
       Headbutt          |    12 |    26 |    51 |    22 ||   111
Throw: Tomahawk          |       |       |     4 |     1 ||     5
Evoke: Wand              |       |       |       |     8 ||     8
  Use: Scroll            |     6 |       |       |    11 ||    17
       Potion            |       |     2 |     1 |       ||     3
 Stab: Paralysed         |       |       |       |     6 ||     6
  Eat: Chunk             |       |     4 |    12 |     4 ||    20
Armor: Scale mail        |    35 |    59 |    61 |    24 ||   179
       Chain mail        |       |       |       |     6 ||     6
Dodge: Dodged            |    21 |    47 |    65 |    31 ||   164
Block: Shield            |    44 |    79 |   146 |    71 ||   340
